 Dungeon Crawl Stone Soup version 0.23.2-33-g5129a83184 (webtiles) character file.

Game seed: 2538814942009737437

9 lepoulpe303 the Conjurer (level 2, 0/15 HPs)
             Began as a Deep Elf Conjurer on July 9, 2019.
             Slain by a bat (1 damage)
             ... on level 1 of the Dungeon.
             The game lasted 00:05:10 (199 turns).

lepoulpe303 the Conjurer (Deep Elf Conjurer)         Turns: 199, Time: 00:05:11

Health: 0/15       AC:  2    Str:  5    XL:     2   Next: 6%
Magic:  1/8        EV: 13    Int: 19    God:
Gold:   26         SH:  0    Dex: 15    Spells: 6/7 levels left

rFire    . . .     SeeInvis .   (no weapon)
rCold    . . .     Gourm    .   (no shield)
rNeg     . . .     Faith    .   a - +0 robe
rPois    .         Spirit   .   (no helmet)
rElec    .         Reflect  .   (no cloak)
rCorr    .         Harm     .   (no gloves)
MR       .....                  (no boots)
Stlth    ++........             (no amulet)
HPRegen  0.05/turn              (no ring)
MPRegen  0.11/turn              (no ring)

@: no status effects
A: no striking features
a: no special abilities


You were on level 1 of the Dungeon.
You were not hungry.

You visited 1 branch of the dungeon, and saw 1 of its levels.

You collected 26 gold pieces.

Inventory:

Armour
 a - a +0 robe (worn)
Potions
 c - a potion of ambrosia {unknown}
Comestibles
 b - 4 chunks of flesh
 e - a ration


   Skills:
 + Level 0.2 Fighting
 + Level 2.5 Dodging
 + Level 2.5 Stealth
 * Level 3.3 Spellcasting
 * Level 4.5 Conjurations


You had 6 spell levels left.
You knew the following spells:

 Your Spells              Type           Power        Failure   Level  Hunger
a - Magic Dart            Conj           ###.         2%          1    None

Your spell library contained the following spells:

 Spells                   Type           Power        Failure   Level  Hunger
 Searing Ray              Conj           ###...       3%          2    ##.....
 Dazzling Spray           Conj/Hex       ##....       17%         3    ###....
 Iskenderun's Mystic Bla  Conj           ###.....     22%         4    ####...
 Force Lance              Conj/Tloc      ##......     50%         4    ####...
 Fulminant Prism          Conj/Hex       ##........   50%         4    ####...


Dungeon Overview and Level Annotations

Branches:
Dungeon (1/15)

Altars:


Message History

* * * LOW MAGIC WARNING * * *
The bat barely misses you.
You now have 0/8 mp.
The bat closely misses you.
The frilled lizard unfolds its giant frill.
The bat hits you but does no damage.
You see here a frilled lizard corpse.
The bat hits you.
* * * LOW HITPOINT WARNING * * *
You take 1 damage, and have 3/15 hp.
The bat hits you.
* * * LOW HITPOINT WARNING * * *
You take 1 damage, and have 2/15 hp.
The bat closely misses you. The bat barely misses you. The bat hits you.
* * * LOW HITPOINT WARNING * * *
You take 1 damage, and have 1/15 hp.
The bat closely misses you. The bat hits you.
You die...

#####...###.....##..........
.....#......................
.....#...............#......
.... #...............#......
.....#..........)....#.....
....................l..#
........#########†..#
.........###...###K..#
..##.........@b..l.>.#
............#.#####.....
............#... .....)
.......###..#..... ......
....... #..##..l...$....
......# #... .##........
...... #...... ... ....
..... #.....# ?.


You could see a bat, a kobold and 2 frilled lizards.

Levels and vault maps discovered:
D:1:      lightli_arrival_statuegarden, layout_basic

Notes
Turn   | Place    | Note
-------+----------+-------------------------------------------
     0 | D:1      | lepoulpe303 the Deep Elf Conjurer began the quest for the
                  | Orb.
     0 | D:1      | Reached XP level 1. HP: 10/10 MP: 6/6
     8 | D:1      | Identified a cursed -1 dagger
     9 | D:1      | Identified a +0 club
   131 | D:1      | Identified a +0 club
   169 | D:1      | Reached XP level 2. HP: 12/15 MP: 1/8
   194 | D:1      | HP: 3/15 [bat (1)]
   197 | D:1      | HP: 1/15 [bat (1)]
   199 | D:1      | Slain by a bat

Table legend:
 A = Turns spent in this place as a percentage of turns spent in the entire game.
 B = Non-inter-level travel turns spent in this place as a percentage of non-inter-level travel turns spent in the entire game.
 C = Inter-level travel turns spent in this place as a percentage of turns spent in this place.
 D = Turns resting spent in this place as a percentage of non-inter-level travel turns spent in this place.
 E = Turns spent auto-exploring this place as a percentage of non-inter-level travel turns spent in this place.
 F = Non-inter-level travel turns spent in this place divided by the number of levels of this place that you've seen.
                   A       B       C       D       E      F
               +-------+-------+-------+-------+-------+----------------------
         Total | 100.0 | 100.0 |   0.0 |  28.1 |  14.1 | 199.0
       Dungeon | 100.0 | 100.0 |   0.0 |  28.1 |  14.1 | 199.0
               +-------+-------+-------+-------+-------+----------------------

Table legend:
 A = Kills in this place as a percentage of kills in entire the game.
 B = Kills by you in this place as a percentage of kills by you in the entire game.
 C = Kills by friends in this place as a percentage of kills by friends in the entire game.
 D = Other kills in this place as a percentage of other kills in the entire game.
 E = Experience gained in this place as a percentage of experience gained in the entire game.
 F = Experience gained in this place divided by the number of levels of this place that you have seen.
                   A       B       C       D       E      F
               +-------+-------+-------+-------+-------+----------------------
         Total | 100.0 | 100.0 |   N/A |   N/A | 100.0 |  14.0
       Dungeon | 100.0 | 100.0 |   N/A |   N/A | 100.0 |  14.0
               +-------+-------+-------+-------+-------+----------------------

Action                   || total
-------------------------++-------
 Cast: Magic Dart        ||    21
Armor: Robe              ||     2
Dodge: Dodged            ||    12

Vanquished Creatures
  A leopard gecko (D:1)
  A goblin (D:1)
  3 hobgoblins (D:1)
  A bat (D:1)
  A frilled lizard (D:1)
  A kobold (D:1)
8 creatures vanquished.
